Map: Ever Dream LE

Players

Reynor - Winner!

  • Race: Zerg Zerg
  • Spawn Location: 7:00

LiquidMaNa (MaNa)

  • Race: Protoss Protoss
  • League: Grandmaster
  • Spawn Location: 1:00

Event: DreamHack SC2 Masters 2020 Summer Europe

VOD

Have the link to the VOD?

Description

Time

  • Played on: July 11, 2020, 9:52 a.m.
  • Length: 3:56

All games in this series

Show
View Real Time Build Order
Export as new Build Order

Reynor Zerg - Winner!

Build Orders: Hatch First 

Get SALT Encoding   

  12  0:00  Drone  
  13  0:12  Overlord  
  13  0:16  Drone  
  14  0:31  Drone x2  
  16  0:48  Hatchery  
  15  0:51  Drone  
  15  0:55  Drone  
  17  0:58  Drone  
  17  1:03  Extractor  
  17  1:15  Spawning Pool  
  17  1:17  Drone  
  17  1:21  Drone  
  18  1:28  Drone  
  19  1:38  Drone  
  20  1:49  Overlord  
  20  2:01  Zergling x4  
  20  2:02  Queen x2  
  20  2:07  Metabolic Boost  
  26  2:11  Drone  
  26  2:15  Drone  
  28  2:21  Zergling x2  
  28  2:22  Zergling x2  
  30  2:34  Zergling x4  
  32  2:41  Hatchery  
  31  2:48  Zergling x4  
  33  2:54  Overlord  
  33  2:59  Zergling x2  
  33  3:04  Zergling x2  
  35  3:06  Zergling x2  
  36  3:13  Zergling x10  
  36  3:14  Zergling x2  
  42  3:20  Zergling x4  
  44  3:30  Overlord  
  43  3:37  Zergling x2  
Show
View Real Time Build Order
Export as new Build Order

LiquidMaNa Protoss 

Build Orders: 1 Gate Expand 

Get SALT Encoding   

  12  0:00  Probe  
  13  0:12  Probe  
  14  0:18  Pylon  
  14  0:24  Probe  
  15  0:34  Probe  
  15  0:40  Gateway  
  15  0:42  Probe  
  17  0:51  Probe  
  17  0:53  Assimilator  
  18  1:03  Probe  
  19  1:15  Probe  
  20  1:27  Cybernetics Core  
  20  1:35  Nexus  
  20  1:37  Probe  
  21  1:45  Pylon  
  21  1:50  Probe  
  21  1:53  Adept, Assimilator  
  22  2:02  Probe  
  22  2:05  Warp Gate  
  25  2:14  Probe  
  26  2:23  Adept  
  26  2:26  Probe  
  29  2:31  Twilight Council  
  29  2:38  Probe  
  30  2:48  Probe  
  30  2:50  Probe, Robotics Facility  
  32  2:56  Adept  
  34  3:00  Probe  
  34  3:03  Gateway  
  34  3:05  Probe  
  36  3:12  Probe  
  37  3:17  Probe  
  38  3:24  Probe  
  39  3:28  Gateway  
  39  3:29  Gateway  
  39  3:31  Probe  
  40  3:36  Probe  
  37  3:43  Probe  
Tags
 
Add a new tag
Caveats
  • Supply blocks, unpowered buildings, or Contaminate may cause inaccurate times.
  • Supply counts are checked every 10 seconds.